 Dungeon Crawl Stone Soup version 0.13.1-22-g086cdba (webtiles) character file.

755 Kae the Insei (level 6, -17/47 HPs)
             Began as a Draconian Transmuter on Jan 1, 2014.
             Killed from afar by Dargu3l's ghost (32 damage)
             ... with an orb of energy
             ... on Level 5 of the Dungeon.
             The game lasted 00:07:09 (4051 turns).

Kae the Insei (Draconian Transmuter)                Turns: 4051, Time: 00:07:10

HP -17/47        AC  6     Str 13      XL: 6   Next: 75%
MP   9/9         EV 12     Int 13      God:
Gold 302         SH  0     Dex 13      Spells:  3 memorised,  3 levels left

Res.Fire  : + . .   See Invis. : .     - Unarmed
Res.Cold  : . . .   Warding    : .   (armour unavailable)
Life Prot.: . . .   Conserve   : .   (no shield)
Res.Poison: .       Res.Corr.  : .   (helmet restricted)
Res.Elec. : .       Clarity    : .   (no cloak)
Sust.Abil.: . .     Spirit.Shd : .   (no gloves)
Res.Mut.  : .       Stasis     : .   (boots unavailable)
Res.Rott. : .       Flight     : .   (no amulet)
Saprovore : . . .                    (no ring)
                                     h - ring of protection from fire {unknown}

@: appendage (expiring), drained, slightly resistant to hostile enchantments,
unstealthy
A: unfitting armour, talons 3, AC +6
a: End Transformation


You were on level 5 of the Dungeon.
You were not hungry.
You had grown temporary talons.
You visited 1 branch of the dungeon, and saw 5 of its levels.

You collected 282 gold pieces.

Inventory:

Missiles
 b - 52 arrows
Magical devices
 g - a wand of disintegration (14) {unknown}
 t - a wand of fire (7) {unknown}
Comestibles
 a - 3 bread rations
 j - 2 meat rations
 p - 11 strawberries
Scrolls
 e - 2 scrolls of magic mapping
 i - 2 scrolls of remove curse {unknown}
 l - 4 scrolls of teleportation
 m - 3 scrolls of identify {unknown}
 n - a scroll of blinking {unknown}
 o - a scroll of noise {unknown}
 q - 2 scrolls of enchant weapon I {unknown}
 s - 3 scrolls of random uselessness {unknown}
Jewellery
 h - a ring of protection from fire (left hand) {unknown}
Books
 d - a book of Changes

   Spells                             Type                      Level
   *Beastly Appendage                 Transmutation                1
   *Sticks to Snakes                  Transmutation                2
   *Spider Form                       Transmutation/Poison         3
   Ice Form                           Ice/Transmutation            4
   Blade Hands                        Transmutation                5


   Skills:
 - Level 1.1(0.5) Fighting
 - Level 1.7(1.1) Dodging
 * Level 6.5(5.8) Unarmed Combat
 - Level 2.0(1.4) Spellcasting
 + Level 4.4(3.7) Transmutations


You had 3 spell levels left.
You knew the following spells:

 Your Spells              Type           Power        Failure   Level  Hunger
a - Beastly Appendage     Trmt           ##....       8%          1    ##.....
b - Sticks to Snakes      Trmt           ##........   10%         2    ###....
c - Spider Form           Trmt/Pois      #.........   38%         3    ####...


Dungeon Overview and Level Annotations

Branches:
Dungeon (5/27)
 Temple: D:4-7

Altars:
the Shining One

Annotations:
D:5 Dargu3l's ghost, experienced HECj


Innate Abilities, Weirdness & Mutations

Your plain brown scales are hard (AC +6).*
Your body does not fit into most forms of armour.
Your cold-blooded metabolism reacts poorly to cold.
You have claws for feet.*


Message History

Dargu3l's ghost shouts, "What do you have that I didn't have?"
Dargu3l's ghost hits you but does no damage.
You barely miss Dargu3l's ghost.
Dargu3l's ghost is heavily damaged.
Dargu3l's ghost barely misses you.
You barely miss Dargu3l's ghost. You claw Dargu3l's ghost.
Dargu3l's ghost is heavily damaged.
Dargu3l's ghost hits you.
* * * LOW HITPOINT WARNING * * *
You closely miss Dargu3l's ghost.
Dargu3l's ghost is heavily damaged.
Dargu3l's ghost hits you.
* * * LOW HITPOINT WARNING * * *
You hit Dargu3l's ghost but do no damage.
You claw Dargu3l's ghost.
Dargu3l's ghost is severely damaged.
Dargu3l's ghost points at you and mumbles some strange words.
The orb of energy hits you!
Ouch! That really hurt!
You die...

..........#..##.....
#........>.#.###.....
##..........#.#
#.....
............#.#
#..... #............#
#..... #..........###
#..).< #..........#
##+### #####.######
#.p@.# #..#### #*#
#.. ... .##. #


You could see Dargu3l's ghost.

Vanquished Creatures
  The ghost of slix the Bolt Thrower, an average KoHu (D:3)
  A phantom (D:4)
  A hound (D:3)
  An iguana (D:4)
  2 worker ants (D:4)
  Terence (D:3)
  3 gnolls (D:4)
  4 adders
  A giant mite (D:2)
  2 worms
  A giant eyeball (D:4)
  4 giant geckos
  2 oozes
  3 orcs
  A bat skeleton (D:4)
  3 giant cockroaches
  5 hobgoblins
  6 kobolds
  4 bats
  6 giant newts
  3 goblins
  A hobgoblin skeleton (D:4)
  A quokka (D:2)
  4 rats
61 creatures vanquished.

Notes
Turn   | Place    | Note
--------------------------------------------------------------
     0 | D:1      | Kae, the Draconian Transmuter, began the quest for the Orb.
     0 | D:1      | Reached XP level 1. HP: 16/16 MP: 1/1
   408 | D:1      | Reached XP level 2. HP: 12/23 MP: 3/3
   770 | D:2      | Reached XP level 3. HP: 21/28 MP: 4/4
   925 | D:2      | Reached skill level 4 in Unarmed Combat
  1583 | D:3      | Reached XP level 4. HP: 32/35 MP: 4/6
  1618 | D:3      | Noticed Terence
  1651 | D:3      | Killed Terence
  1979 | D:3      | Noticed slix's ghost (average KoHu)
  2021 | D:3      | Killed slix's ghost
  2021 | D:3      | Reached skill level 5 in Unarmed Combat
  2021 | D:3      | Reached XP level 5. HP: 6/40 MP: 7/7
  2816 | D:4      | Learned a level 2 spell: Sticks to Snakes
  2820 | D:4      | Learned a level 3 spell: Spider Form
  3087 | D:4      | Reached XP level 6. HP: 35/47 MP: 7/9
  3413 | D:4      | Noticed a phantom
  3424 | D:4      | Paralysed by a giant eyeball for 2 turns
  3428 | D:4      | Paralysed by a giant eyeball for 4 turns
  3438 | D:4      | Paralysed by a giant eyeball for 3 turns
  3500 | D:4      | HP: 1/47 [phantom (3)]
  3555 | D:4      | Killed a phantom
  3555 | D:4      | Reached skill level 6 in Unarmed Combat
  3876 | D:4      | Found a glowing golden altar of the Shining One.
  3994 | D:5      | Entered Level 5 of the Dungeon
  4030 | D:5      | Noticed Dargu3l's ghost (experienced HECj)
  4051 | D:5      | Killed from afar by Dargu3l's ghost

Action                   |  1- 3 |  4- 6 || total
-------------------------+-------+-------++-------
Melee: Unarmed           |   114 |   236 ||   350
 Cast: Beastly Appendage |     4 |    13 ||    17
  Use: Scroll            |     3 |       ||     3
       Potion            |     1 |    10 ||    11
 Stab: Sleeping          |     1 |     1 ||     2
       Invisible         |       |     7 ||     7
